 Dungeon Crawl Stone Soup version 0.31-a0-983-g7b6862f502 (webtiles) character file.

Game seed: 13561412141547182831

23 Firecrotchwizard the Ruffian (level 2, -1/24 HPs)
             Began as a Draconian Shapeshifter on Nov 3, 2023.
             Slain by Natasha (4 damage)
             ... on level 2 of the Dungeon.
             The game lasted 00:03:16 (1433 turns).

Firecrotchwizard the Ruffian (DrSh)                 Turns: 1433, Time: 00:03:16

Health: -1/24      AC:  4    Str: 16    XL:     2   Next: 72%
Magic:  2/2        EV: 12    Int: 10    God:
Gold:   106        SH:  0    Dex: 10    Spells: 1/1 levels left

rFire   . .          .
                       - Unarmed
rCold   . . .        (no shield)
rNeg    . . .        (body armour unavailable)
rPois   .            (helmet currently unavailable)
rElec   .            (cloak currently unavailable)
rCorr   .            (gloves currently unavailable)
SInv    .            (boots currently unavailable)
Will    .....        (no amulet)
Stlth   +            (no ring)
HPRegen 0.24/turn    (no ring)
MPRegen 0.08/turn

%: no passive effects
@: beast-form, slowed, very slow
A: beast (slay +1), AC +4, unfitting armour, cold-blooded
a: Begin Untransformation


You were on level 2 of the Dungeon.
You were a hulking beast.
You visited 1 branch of the dungeon, and saw 3 of its levels.

You collected 106 gold pieces.

Inventory:

Talismans
 b - a beast talisman
 c - a flux talisman
Scrolls
 f - 5 scrolls of fog {unknown}
 h - a scroll of revelation {unknown}
 i - a scroll of identify {unknown}
Potions
 a - a potion of lignification
 d - 2 potions of curing {unknown}
 e - a potion of haste {unknown}
 g - a potion of degeneration {unknown}
 j - a potion of brilliance {unknown}


   Skills:
 + Level 2.0 Fighting
 - Level 1.7 Dodging
 + Level 3.3 Unarmed Combat
 + Level 3.3 Shapeshifting


You had one spell level left.
You didn't know any spells.
Your spell library was empty.

Dungeon Overview and Level Annotations

Branches:
Dungeon (3/15)

Altars:

Annotations:
D:2 Natasha


Innate Abilities, Weirdness & Mutations

You are a hulking beast.
Your limbs bulge with bestial killing power. (Slay +1)
Your plain brown scales are hard. (AC +4)
You cannot fit into any form of body armour.
You are cold-blooded and may be slowed by cold attacks.


Message History

You punch the endoplasm!
You kill the endoplasm!
A ball python comes into view.
The ball python hisses angrily.
You hit the ball python.
You kill the ball python!
Your Fighting skill increases to level 2!
Found 4 poisoned darts.
You see here 4 poisoned darts.
You now have 59 gold pieces (gained 10).
You now have 62 gold pieces (gained 3).
A goblin comes into view. It is wielding a +0 dagger.
You hit the goblin.
You kill the goblin!
f - 4 scrolls labelled MEIGOSI LOKLAVE (gained 3)
Found 8 stones.
You now have 81 gold pieces (gained 19).
h - a scroll labelled LASEILOVOPP A goblin comes into view.
It is wielding a +0 dagger.
Found a scroll labelled MOKHLI YSISAMA.
The goblin shouts!
Found an escape hatch in the floor.
Found a leather armour.
The goblin closely misses you.
You hit the goblin.
The goblin is heavily wounded.
The goblin hits you but does no damage.
A goblin is nearby!
You hit the goblin.
You kill the goblin!
Things that are here:
a +0 dagger; a goblin corpse
Found a dagger.
Found a stone staircase leading down.
i - a scroll labelled MOKHLI YSISAMA
There is a stone staircase leading down here.
You see here a +0 dagger.
Found a stone staircase leading up.
There is a stone staircase leading up here.
Found a stone staircase leading down.
Found a dagger.
Found a flail.
d - 2 fuming brown potions (gained 1)
f - 5 scrolls labelled MEIGOSI LOKLAVE (gained 1)
Found an escape hatch in the ceiling.
j - a fuming white potion You now have 93 gold pieces (gained 12).
You see here a +0 ring mail.
You now have 106 gold pieces (gained 13).
Found a stone staircase leading up.
There is a stone staircase leading up here.
There is a stone staircase leading up here.
You see here a +0 dagger.
Things that are here:
a +0 short sword; a stone Done exploring.
Things that are here:
a +0 short sword; a stone
There is a stone staircase leading down here.
You climb downwards.
Natasha hisses angrily.
The gnoll shouts!
Found 4 gold pieces and 12 stones.
There is a stone staircase leading up here.
There are monsters nearby!
A gnoll comes into view. It is wielding a +0 club.
The gnoll throws a throwing net.
The throwing net hits you.
You become entangled in the net!
You struggle against the net.
A gnoll comes into view. It is wielding a +0 whip.
You tear a large gash into the net.
Natasha claws you.
You struggle against the net.
Natasha claws you. The gnoll barely misses you.
You rip the net and break free!
Natasha claws you but does no damage.
A gnoll comes into view. It is wielding a +0 spear.
The gnoll throws a throwing net.
The throwing net closely misses you. The gnoll closely misses you.
The gnoll shouts!
Natasha stares at you and mumbles some strange words.
You feel yourself slow down.
The gnoll hits you from afar with a +0 spear.
* * * LOW HITPOINT WARNING * * *
You climb upwards.
There is a stone staircase leading down here.
You hit Natasha.
Natasha is heavily wounded.
Natasha barely misses you.
Natasha stares at you and mumbles some strange words.
You feel as though you will be slow longer.
Unknown command.
You closely miss Natasha.
Natasha is heavily wounded.
Natasha extends her claws.
Natasha casts a spell at you. The magic dart hits you.
* * * LOW HITPOINT WARNING * * *
You barely miss Natasha.
Natasha is heavily wounded.
Natasha stares at you and mumbles some strange words.
The magic dart hits you.
* * * LOW HITPOINT WARNING * * *
Natasha claws you.
You die...
Natasha curls up and begins to purr.

###.## #.......# #.##.##.# #
#.######......######.......# #
#........#........#####.#### #
###..#####.##.#.###.# #.....#####
.......###[##.......###.###.##...
####....##.##...........# #.....#
#....##.##....##.##..###.##.##
####...........h....##......#####
........#####...h...##.######
.####...#####..#.##.##.#
.##.................##.#
.##.##.######..##......# .##.##.#
#.......#..#### .......#
#.....)....###### ###.####
#.......#.......# #.#
#.......#..####.# #.#
#.......#..####.#


You could see Natasha.

Vanquished Creatures
  A bat (D:1)
  2 endoplasms (D:2)
  A giant cockroach (D:2)
  4 goblins (D:2)
  3 hobgoblins
  2 kobolds
  A quokka (D:1)
  3 ball pythons
  A rat (D:1)
18 creatures vanquished.

Notes
Turn   | Place    | Note
-------+----------+-------------------------------------------
     0 | D:1      | Firecrotchwizard the Draconian Shapeshifter began the quest
                  | for the Orb.
     0 | D:1      | Reached XP level 1. HP: 16/16 MP: 1/1
   130 | D:1      | Found a faded altar of an unknown god.
   574 | D:1      | Reached XP level 2. HP: 23/23 MP: 2/2
   895 | D:2      | Identified the +4 falchion of Yesterday {flame, rElec Str-5
                  | Dex+5 SInv}
  1421 | D:3      | Noticed Natasha
  1433 | D:2      | Slain by Natasha

Illustrated notes

Levels and vault maps discovered:
D:1:      lemuel_arrival_river_bridge, layout_basic, basic_ecumenical_altar
D:2:      layout_loops_cross
D:3:      layout_rooms, serial_shops, shop, uniq_natasha

Skill      XL: |  1  2 |
---------------+-------+-----
Fighting       | 2 |  2.0
Dodging        | |  1.7
Unarmed Combat | |  3.3
Shapeshifting  | |  3.3

Action                     || total
---------------------------++-------
  Melee: Unarmed           ||    49
         Tailslap          ||     2
 Armour: Skin              ||    28
  Dodge: Dodged            ||    38

Table legend: (Time is in decaauts)
 A = Elapsed time spent in this place.
 B = Non-inter-level travel time spent in this place.
 C = Inter-level travel time spent in this place.
 D = Time resting spent in this place.
 E = Time spent auto-exploring this place.
 F = Levels seen in this place.
 G = Mean time per level.
                   A        B        C        D        E       F      G
               +--------+--------+--------+--------+--------+-----+--------+
         Total |   1437 |   1394 |     43 |      0 |   1238 |   3 |  479.0 |
       Dungeon |   1437 |   1394 |     43 |      0 |   1238 |   3 |  479.0 |
               +--------+--------+--------+--------+--------+-----+--------+

Top non-repeatable levels by time:
     D:1: 841 daAuts
     D:2: 587 daAuts
     D:3: 8 daAuts
